Santa Cruz Tiger Sharks vs Long Beach Ice Dogs
Created - Wednesday, March 26, 2025 at 07:52
Goals
|
| Santa Cruz Tiger Sharks |
1 |
0 |
1 |
2 |
| Long Beach Ice Dogs |
0 |
2 |
3 |
5 |
|
Shots
|
| Santa Cruz Tiger Sharks |
14 |
12 |
12 |
38 |
| Long Beach Ice Dogs |
14 |
7 |
25 |
46 |
|
1st period
1. Santa Cruz Tiger Sharks , Jack Studnicka 7 (Zack Ostapchuk 15) at 12:47
Penalties :
William Lagesson (TRM) for Roughing (Minor) at 14:24, Noah Philp (TRM) for Cross-checking (Minor) at 16:35
2nd period
2. Long Beach Ice Dogs , Jimmy Vesey 27 (Blake Lizotte 39) at 8:46 (PP)
3. Long Beach Ice Dogs , Matej Blumel 11 (Samuel Poulin 13) at 11:39
Penalties :
Lias Andersson (TRM) for Cross-checking (Minor) at 2:59, Riley Tufte (SCS) for Goalie Interference (Minor) at 8:42, Arber Xhekaj (TRM) for Holding (Minor) at 16:49
3rd period
4. Long Beach Ice Dogs , Jack Finley 13 (Samuel Poulin 14, Matej Blumel 15) at 13:51
5. Santa Cruz Tiger Sharks , Jack Studnicka 8 (Sean Day 15, Zack Ostapchuk 16) at 14:25
6. Long Beach Ice Dogs , Noah Philp 4 (Samuel Poulin 15, Marco Kasper 7) at 14:55
7. Long Beach Ice Dogs , Trey Fix-Wolansky 19 (Blake Lizotte 40, Jimmy Vesey 44) at 16:08
Penalties :
Leo Loof (TRM) for Delaying the game (Minor) at 8:00, Max Pacioretty (SCS) for Cross-checking (Minor) at 18:02
Goalie Stats
Alex Nedeljkovic (SCS), 41 saves from 46 shots - (0.891), L, 24-10-0, 60:00 minutes
Akira Schmid (TRM), 36 saves from 38 shots - (0.947), W, 24-7-2, 60:00 minutes
Players Stats for Santa Cruz Tiger Sharks
Player Name G A P +/- PIM S H SB GA TA FO MP PP MP PK MP
------------------------------------------------------------------------------------
0 0 0 0 0 0 0 0 0 0 0/0 0:00 0:00 0:00
Adam Wilsby 0 0 0 -1 0 0 0 3 0 0 0/0 13:04 0:00 0:00
David Gustafsson 0 0 0 -2 0 2 0 0 1 0 0/0 11:29 0:00 0:00
Drew Helleson 0 0 0 -1 0 1 2 0 0 0 0/0 13:37 0:24 0:00
Frederick Gaudreau 0 0 0 -1 0 3 2 1 1 1 14/26 19:46 4:49 0:49
Jack Studnicka 2 0 2 2 0 7 0 0 2 1 0/0 8:27 0:00 0:00
Keaton Middleton 0 0 0 -1 0 2 2 0 0 2 0/0 19:53 3:43 0:58
Mark Kastelic 0 0 0 -1 0 2 4 1 0 0 5/14 18:47 4:47 0:00
Max Pacioretty 0 0 0 -1 2 3 1 1 2 1 1/3 19:00 4:49 0:04
Nicolas Aube-Kubel 0 0 0 -1 0 2 2 0 0 0 0/0 18:50 4:50 0:00
Nils Lundkvist 0 0 0 -1 0 1 1 0 0 1 0/0 19:53 3:43 0:58
Riley Tufte 0 0 0 2 2 1 2 0 0 0 0/0 8:26 0:00 0:00
Samuel Fagemo 0 0 0 -2 0 1 3 0 0 0 0/0 12:35 0:16 0:50
Samuel Houde 0 0 0 -2 0 2 2 0 0 1 1/5 11:45 0:16 0:00
Santeri Hatakka 0 0 0 0 0 1 0 2 0 0 0/0 19:21 0:00 0:00
Sean Day 0 1 1 0 0 0 1 0 0 1 0/0 26:30 5:48 1:03
Sonny Milano 0 0 0 -1 0 4 0 0 1 1 1/2 19:57 4:39 1:12
Tomas Tatar 0 0 0 -1 0 6 2 1 1 0 1/1 19:26 4:50 0:36
Zack Ostapchuk 0 2 2 2 0 0 2 0 1 0 5/7 9:29 0:29 0:31
Players Stats for Long Beach Ice Dogs
Player Name G A P +/- PIM S H SB GA TA FO MP PP MP PK MP
------------------------------------------------------------------------------------
0 0 0 0 0 0 0 0 0 0 0/0 0:00 0:00 0:00
Alex Goligoski 0 0 0 1 0 2 1 0 0 2 0/0 22:41 1:02 4:35
Antti Tuomisto 0 0 0 2 0 2 0 0 0 1 0/0 14:54 0:00 0:39
Arber Xhekaj 0 0 0 1 2 1 3 0 0 0 0/0 21:37 1:02 3:36
Arshdeep Bains 0 0 0 -1 0 4 2 1 1 1 3/5 20:36 1:02 4:40
Blake Lizotte 0 2 2 0 0 4 5 0 1 0 11/21 20:46 0:59 4:30
Jack Finley 1 0 1 2 0 3 1 0 0 0 8/12 11:46 0:00 0:00
Jimmy Vesey 1 1 2 0 0 4 0 1 0 0 1/3 21:08 0:59 4:52
Leo Loof 0 0 0 2 2 0 0 1 0 2 0/0 15:26 0:00 1:09
Lias Andersson 0 0 0 -1 2 1 1 0 0 0 5/10 19:40 1:02 3:44
Marco Kasper 0 1 1 1 0 1 0 0 0 0 1/1 7:24 0:00 0:11
Matej Blumel 1 1 2 2 0 4 1 0 1 0 0/0 12:35 0:00 0:45
Noah Philp 1 0 1 1 2 1 0 0 0 0 0/0 6:03 0:00 0:00
Samuel Poulin 0 3 3 3 0 5 1 0 5 1 1/5 16:37 0:00 0:00
Shane Bowers 0 0 0 0 0 0 0 0 0 0 0/0 1:14 0:00 1:08
Trey Fix-Wolansky 1 0 1 0 0 8 4 0 0 0 0/1 16:15 0:59 0:00
Tyler Tullio 0 0 0 -1 0 2 2 0 0 0 0/0 15:55 1:02 0:00
William Lagesson 0 0 0 -1 2 3 1 2 1 0 0/0 22:19 0:59 4:31
Yan Kuznetsov 0 0 0 -1 0 1 1 3 0 2 0/0 23:04 0:59 5:20
3 Stars
1 - Samuel Poulin (TRM)
2 - Matej Blumel (TRM)
3 - Jack Studnicka (SCS)
Power Play
Santa Cruz Tiger Sharks - 0 on 5 Attempt(s) - 0.00%
Long Beach Ice Dogs - 1 on 2 Attempt(s) - 50.00%
Penalty Kill
Santa Cruz Tiger Sharks - 1 on 2 Attempt(s) - 50.00%
- Score 0 goal in Penalty Kill
Long Beach Ice Dogs - 5 on 5 Attempt(s) - 100.00%
- Score 0 goal in Penalty Kill
Team Stat
Santa Cruz Tiger Sharks - Hits : 26 - Faceoff Wins : 28 - Blocked Shots : 9 - Penalty Minutes : 4
Long Beach Ice Dogs - Hits : 23 - Faceoff Wins : 30 - Blocked Shots : 8 - Penalty Minutes : 10
Official
Referees : Kevin Pollock and Cody Beach
Linesman : Brad Kovachik and Scott Cherrey
Game Notes
No Game Note
Santa Cruz Tiger Sharks
5 vs 5 Forward
Center Left Wing Right Wing Time % Phy DF OF
1 Frederick Gaudreau Max Pacioretty Sonny Milano 30 1 2 2
2 Mark Kastelic Tomas Tatar Nicolas Aube-Kubel 30 1 2 2
3 Samuel Houde David Gustafsson Samuel Fagemo 25 1 2 2
4 Zack Ostapchuk Riley Tufte Jack Studnicka 15 1 2 2
5 vs 5 Defense
Defense Defense Time % Phy DF OF
1 Santeri Hatakka Sean Day 30 1 2 2
2 Nils Lundkvist Keaton Middleton 30 1 2 2
3 Drew Helleson Adam Wilsby 25 1 2 2
4 Santeri Hatakka Sean Day 15 1 2 2
PowerPlay Forward
Center Left Wing Right Wing Time % Phy DF OF
1 Frederick Gaudreau Max Pacioretty Sonny Milano 50 1 2 2
2 Mark Kastelic Tomas Tatar Nicolas Aube-Kubel 50 1 2 2
PowerPlay Defense
Defense Defense Time % Phy DF OF
1 Sean Day 50 1 2 2
2 Nils Lundkvist Keaton Middleton 50 1 2 2
Penalty Kill 4 Players Forward
Center Wing Time % Phy DF OF
1 Max Pacioretty Sonny Milano 50 1 2 2
2 Frederick Gaudreau Tomas Tatar 50 1 2 2
Penalty Kill 4 Players Defense
Defense Defense Time % Phy DF OF
1 Sean Day 50 1 2 2
2 Nils Lundkvist Keaton Middleton 50 1 2 2
Penalty Kill - 3 Players Forward
Forward Time % Phy DF OF
1 Max Pacioretty 50 1 2 2
2 Sonny Milano 50 1 2 2
Penalty Kill - 3 Players Defense
Defense Defense Time % Phy DF OF
1 Sean Day 50 1 2 2
2 Nils Lundkvist Keaton Middleton 50 1 2 2
4 vs 4 Forward
Center Wing Time % Phy DF OF
1 Max Pacioretty Sonny Milano 50 1 2 2
2 Frederick Gaudreau Tomas Tatar 50 1 2 2
4 vs 4 Defense
Defense Defense Time % Phy DF OF
1 Sean Day 50 1 2 2
2 Nils Lundkvist Keaton Middleton 50 1 2 2
Last Minutes Offensive
Center Left Wing Right Wing Defense Defense
Frederick Gaudreau Max Pacioretty Sonny Milano Sean Day Sean Day
Last Minutes Defensive
Center Left Wing Right Wing Defense Defense
Frederick Gaudreau Max Pacioretty Sonny Milano Sean Day Sean Day
Goaltenders
Starting : Alex Nedeljkovic
Backup : Hugo Alnefelt
Extra Forwards
Normal : Zack Ostapchuk, Samuel Houde, Samuel Fagemo - PP : Zack Ostapchuk, Samuel Houde - PK : Samuel Fagemo
Extra Defensemen
Normal : Drew Helleson, Adam Wilsby, Nils Lundkvist - PP : Drew Helleson - PK : Adam Wilsby, Nils Lundkvist
Penalty Shots
Max Pacioretty, Sonny Milano, Frederick Gaudreau, Tomas Tatar, Nicolas Aube-Kubel
Scratches
Jake Wise (Healthy), Kole Lind (Healthy), Matt Kiersted (Healthy), Collin Delia (Healthy)
Long Beach Ice Dogs
5 vs 5 Forward
Center Left Wing Right Wing Time % Phy DF OF
1 Blake Lizotte Jimmy Vesey Trey Fix-Wolansky 30 1 2 2
2 Lias Andersson Arshdeep Bains Tyler Tullio 30 1 2 2
3 Jack Finley Matej Blumel Samuel Poulin 25 1 2 2
4 Samuel Poulin Marco Kasper Noah Philp 15 1 2 2
5 vs 5 Defense
Defense Defense Time % Phy DF OF
1 Alex Goligoski Arber Xhekaj 35 1 2 2
2 William Lagesson Yan Kuznetsov 35 1 2 2
3 Antti Tuomisto Leo Loof 30 1 2 2
4 Alex Goligoski Arber Xhekaj 0 1 2 2
PowerPlay Forward
Center Left Wing Right Wing Time % Phy DF OF
1 Blake Lizotte Jimmy Vesey Trey Fix-Wolansky 50 1 2 2
2 Lias Andersson Arshdeep Bains Tyler Tullio 50 1 2 2
PowerPlay Defense
Defense Defense Time % Phy DF OF
1 Alex Goligoski Arber Xhekaj 50 1 2 2
2 William Lagesson Yan Kuznetsov 50 1 2 2
Penalty Kill 4 Players Forward
Center Wing Time % Phy DF OF
1 Jimmy Vesey Blake Lizotte 50 1 2 2
2 Arshdeep Bains Lias Andersson 50 1 2 2
Penalty Kill 4 Players Defense
Defense Defense Time % Phy DF OF
1 Alex Goligoski Arber Xhekaj 50 1 2 2
2 William Lagesson Yan Kuznetsov 50 1 2 2
Penalty Kill - 3 Players Forward
Forward Time % Phy DF OF
1 Jimmy Vesey 50 1 2 2
2 Blake Lizotte 50 1 2 2
Penalty Kill - 3 Players Defense
Defense Defense Time % Phy DF OF
1 Alex Goligoski Arber Xhekaj 50 1 2 2
2 William Lagesson Yan Kuznetsov 50 1 2 2
4 vs 4 Forward
Center Wing Time % Phy DF OF
1 Jimmy Vesey Blake Lizotte 50 1 2 2
2 Arshdeep Bains Lias Andersson 50 1 2 2
4 vs 4 Defense
Defense Defense Time % Phy DF OF
1 Alex Goligoski Arber Xhekaj 50 1 2 2
2 William Lagesson Yan Kuznetsov 50 1 2 2
Last Minutes Offensive
Center Left Wing Right Wing Defense Defense
Blake Lizotte Jimmy Vesey Trey Fix-Wolansky Alex Goligoski Arber Xhekaj
Last Minutes Defensive
Center Left Wing Right Wing Defense Defense
Blake Lizotte Jimmy Vesey Trey Fix-Wolansky Alex Goligoski Arber Xhekaj
Goaltenders
Starting : Akira Schmid
Backup : Unknown Goalie
Extra Forwards
Normal : Marco Kasper, Noah Philp, Shane Bowers - PP : Marco Kasper, Noah Philp - PK : Shane Bowers
Extra Defensemen
Normal : Antti Tuomisto, Leo Loof, William Lagesson - PP : Antti Tuomisto - PK : Leo Loof, William Lagesson
Penalty Shots
Jimmy Vesey, Blake Lizotte, Arshdeep Bains, Lias Andersson, Jack Finley
Scratches
Michael DiPietro (Healthy), Jack Campbell (Healthy)
% Time on Ice - Santa Cruz Tiger Sharks
Lines # - Real PCT - Wanted PCT - Time Play
Normal Forward
1 - 29% - 30% - 14:08
2 - 29% - 30% - 14:00
3 - 24% - 25% - 11:29
4 - 18% - 15% - 8:27
Normal Defense
1 - 30% - 30% - 14:24
2 - 32% - 30% - 15:12
3 - 27% - 25% - 13:04
4 - 11% - 15% - 5:24
PP Forward
1 - 49% - 50% - 4:49
2 - 51% - 50% - 5:06
PP Defense
1 - 63% - 50% - 6:12
2 - 37% - 50% - 3:43
PK Forward
1 - 70% - 50% - 1:25
2 - 30% - 50% - 0:36
PK Defense
1 - 52% - 50% - 1:03
2 - 48% - 50% - 0:58
PK3 Forward
1 - 0% - 50%
2 - 0% - 50%
PK3 Defense
1 - 0% - 50%
2 - 0% - 50%
44 Forward
1 - 0% - 50%
2 - 0% - 50%
44 Defense
1 - 0% - 50%
2 - 0% - 50%
Last Minute Offensive - 0:00
Last Minute Defensive - 0:00
Total
Forward - 60:00
Defense - 60:00
|
% Time on Ice - Long Beach Ice Dogs
Lines # - Real PCT - Wanted PCT - Time Play
Normal Forward
1 - 32% - 30% - 15:20
2 - 31% - 30% - 14:55
3 - 24% - 25% - 11:46
4 - 13% - 15% - 6:03
Normal Defense
1 - 36% - 35% - 17:04
2 - 35% - 35% - 16:45
3 - 30% - 30% - 14:15
4 - 0% - 0% - 0:00
PP Forward
1 - 49% - 50% - 0:59
2 - 51% - 50% - 1:02
PP Defense
1 - 51% - 50% - 1:02
2 - 49% - 50% - 0:59
PK Forward
1 - 47% - 50% - 4:42
2 - 53% - 50% - 5:13
PK Defense
1 - 46% - 50% - 4:35
2 - 54% - 50% - 5:20
PK3 Forward
1 - 0% - 50%
2 - 0% - 50%
PK3 Defense
1 - 0% - 50%
2 - 0% - 50%
44 Forward
1 - 0% - 50%
2 - 0% - 50%
44 Defense
1 - 0% - 50%
2 - 0% - 50%
Last Minute Offensive - 0:00
Last Minute Defensive - 0:00
Total
Forward - 60:00
Defense - 60:00
|
Play-by-Play
1st period
0:01 of 1st period - Blake Lizotte wins face-off versus Frederick Gaudreau in neutral zone.
0:16 of 1st period - Snap shot by Jimmy Vesey.
0:16 of 1st period - Stopped by Alex Nedeljkovic with a rebound.
1:20 of 1st period - Mark Kastelic is hit by Samuel Poulin and loses puck.
1:59 of 1st period - Wrist shot by Jack Studnicka.
1:59 of 1st period - Stopped by Akira Schmid with a rebound.
2:57 of 1st period - Sonny Milano is hit by Arshdeep Bains and loses puck.
3:10 of 1st period - Jack Finley is hit by Mark Kastelic.
3:24 of 1st period - Antti Tuomisto is hit by Samuel Fagemo and loses puck.
4:05 of 1st period - Jack Studnicka is hit by Tyler Tullio and loses puck.
4:50 of 1st period - Snap shot by Sonny Milano.
4:50 of 1st period - Stopped by Akira Schmid without a rebound.
4:51 of 1st period - Frederick Gaudreau wins face-off versus Arshdeep Bains in Long Beach Ice Dogs zone.
5:00 of 1st period - Snap shot by Arshdeep Bains.
5:00 of 1st period - Shot Misses the Net.
5:16 of 1st period - Wrist shot by Blake Lizotte.
5:16 of 1st period - Shot Blocked by Frederick Gaudreau.
5:18 of 1st period - Snap shot by Blake Lizotte.
5:18 of 1st period - Stopped by Alex Nedeljkovic with a rebound.
5:40 of 1st period - Wrist shot by Tomas Tatar.
5:40 of 1st period - Shot Misses the Net.
5:42 of 1st period - Backhand shot by Nicolas Aube-Kubel.
5:42 of 1st period - Shot Blocked by Leo Loof.
5:44 of 1st period - Slapshot by Adam Wilsby.
5:44 of 1st period - Shot Misses the Net.
5:46 of 1st period - Slapshot by Drew Helleson.
5:46 of 1st period - Stopped by Akira Schmid with a rebound.
6:10 of 1st period - Santeri Hatakka is hit by Lias Andersson and loses puck.
6:25 of 1st period - Riley Tufte is hit by Arber Xhekaj and loses puck.
8:01 of 1st period - Arshdeep Bains is hit by Samuel Houde.
8:16 of 1st period - Trey Fix-Wolansky is hit by Max Pacioretty and loses puck.
8:29 of 1st period - Slapshot by Jack Studnicka.
8:29 of 1st period - Stopped by Akira Schmid with a rebound.
8:31 of 1st period - Slapshot by Nils Lundkvist.
8:31 of 1st period - Deflect By Jack Studnicka.
8:31 of 1st period - Stopped by Akira Schmid without a rebound.
8:32 of 1st period - Lias Andersson wins face-off versus Zack Ostapchuk in Long Beach Ice Dogs zone.
8:48 of 1st period - Snap shot by Arshdeep Bains.
8:48 of 1st period - Stopped by Alex Nedeljkovic without a rebound.
8:49 of 1st period - Mark Kastelic wins face-off versus Jack Finley in Santa Cruz Tiger Sharks zone.
8:56 of 1st period - Wrist shot by Tomas Tatar.
8:56 of 1st period - Shot Misses the Net.
9:22 of 1st period - Wrist shot by David Gustafsson.
9:22 of 1st period - Shot Blocked by Yan Kuznetsov.
9:41 of 1st period - Snap shot by Max Pacioretty.
9:41 of 1st period - Stopped by Akira Schmid without a rebound.
9:42 of 1st period - Samuel Poulin wins face-off versus Mark Kastelic in Long Beach Ice Dogs zone.
10:07 of 1st period - Sean Day is hit by Alex Goligoski and loses puck.
10:32 of 1st period - Slapshot by Lias Andersson.
10:32 of 1st period - Stopped by Alex Nedeljkovic with a rebound.
10:38 of 1st period - Slapshot by David Gustafsson.
10:38 of 1st period - Stopped by Akira Schmid with a rebound.
10:40 of 1st period - Snap shot by Keaton Middleton.
10:40 of 1st period - Stopped by Akira Schmid without a rebound.
10:41 of 1st period - Jack Finley wins face-off versus Frederick Gaudreau in Long Beach Ice Dogs zone.
10:46 of 1st period - Snap shot by Sonny Milano.
10:46 of 1st period - Shot Misses the Net.
11:06 of 1st period - David Gustafsson is hit by Tyler Tullio and loses puck.
11:49 of 1st period - Snap shot by Samuel Poulin.
11:49 of 1st period - Shot Misses the Net.
11:51 of 1st period - Slapshot by Marco Kasper.
11:51 of 1st period - Stopped by Alex Nedeljkovic with a rebound.
11:53 of 1st period - Slapshot by William Lagesson.
11:53 of 1st period - Stopped by Alex Nedeljkovic without a rebound.
11:54 of 1st period - Marco Kasper wins face-off versus Frederick Gaudreau in Santa Cruz Tiger Sharks zone.
11:55 of 1st period - Wrist shot by Samuel Poulin.
11:55 of 1st period - Shot Misses the Net.
11:57 of 1st period - Snap shot by Marco Kasper.
11:57 of 1st period - Shot Misses the Net.
11:59 of 1st period - Snap shot by Samuel Poulin.
11:59 of 1st period - Deflect By Sonny Milano.
11:59 of 1st period - Stopped by Alex Nedeljkovic without a rebound.
12:00 of 1st period - Frederick Gaudreau wins face-off versus Jack Finley in Santa Cruz Tiger Sharks zone.
12:29 of 1st period - Slapshot by Lias Andersson.
12:29 of 1st period - Shot Misses the Net.
12:31 of 1st period - Snap shot by Tyler Tullio.
12:31 of 1st period - Stopped by Alex Nedeljkovic with a rebound.
12:45 of 1st period - Wrist shot by Riley Tufte.
12:45 of 1st period - Stopped by Akira Schmid without a rebound.
12:46 of 1st period - Zack Ostapchuk wins face-off versus Blake Lizotte in Long Beach Ice Dogs zone.
12:47 of 1st period - Snap shot by Jack Studnicka.
12:47 of 1st period - Deflect By Trey Fix-Wolansky.
12:47 of 1st period - Goal by Jack Studnicka - Santa Cruz Tiger Sharks : 1 - Long Beach Ice Dogs : 0.
12:48 of 1st period - Jack Finley wins face-off versus Mark Kastelic in neutral zone.
12:51 of 1st period - Snap shot by Matej Blumel.
12:51 of 1st period - Shot Blocked by Santeri Hatakka.
12:57 of 1st period - Snap shot by Samuel Poulin.
12:57 of 1st period - Deflect By Jack Finley.
12:57 of 1st period - Shot Misses the Net.
12:57 of 1st period - Puck is out of play.
12:58 of 1st period - Jack Finley wins face-off versus Mark Kastelic in Santa Cruz Tiger Sharks zone.
13:25 of 1st period - Snap shot by Matej Blumel.
13:25 of 1st period - Stopped by Alex Nedeljkovic with a rebound.
13:27 of 1st period - Wrist shot by Matej Blumel.
13:27 of 1st period - Shot Misses the Net.
13:35 of 1st period - Snap shot by Jack Finley.
13:35 of 1st period - Stopped by Alex Nedeljkovic with a rebound.
13:37 of 1st period - Snap shot by Samuel Poulin.
13:37 of 1st period - Stopped by Alex Nedeljkovic with a rebound.
13:39 of 1st period - Slapshot by Antti Tuomisto.
13:39 of 1st period - Shot Misses the Net.
13:41 of 1st period - Slapshot by Antti Tuomisto.
13:41 of 1st period - Deflect By Nicolas Aube-Kubel.
13:41 of 1st period - Stopped by Alex Nedeljkovic with a rebound.
13:43 of 1st period - Slapshot by Jack Finley.
13:43 of 1st period - Shot Misses the Net.
13:45 of 1st period - Snap shot by Antti Tuomisto.
13:45 of 1st period - Stopped by Alex Nedeljkovic without a rebound.
13:46 of 1st period - Arshdeep Bains wins face-off versus Max Pacioretty in Santa Cruz Tiger Sharks zone.
13:53 of 1st period - Lias Andersson is hit by Drew Helleson and loses puck.
14:00 of 1st period - Snap shot by Sonny Milano.
14:00 of 1st period - Shot Misses the Net.
14:02 of 1st period - Snap shot by Adam Wilsby.
14:02 of 1st period - Deflect By Max Pacioretty.
14:02 of 1st period - Shot Misses the Net.
14:02 of 1st period - Puck is out of play.
14:03 of 1st period - Blake Lizotte wins face-off versus Samuel Houde in Long Beach Ice Dogs zone.
14:24 of 1st period - Minor Penalty to William Lagesson for Roughing.
14:25 of 1st period - Sonny Milano wins face-off versus Jimmy Vesey in Long Beach Ice Dogs zone.
15:05 of 1st period - Leo Loof is hit by Mark Kastelic.
15:09 of 1st period - Lias Andersson is hit by Nicolas Aube-Kubel and loses puck.
15:48 of 1st period - Wrist shot by Tomas Tatar.
15:48 of 1st period - Deflect By Mark Kastelic.
15:48 of 1st period - Stopped by Akira Schmid with a rebound.
15:50 of 1st period - Snap shot by Tomas Tatar.
15:50 of 1st period - Stopped by Akira Schmid with a rebound.
15:52 of 1st period - Wrist shot by Mark Kastelic.
15:52 of 1st period - Shot Misses the Net.
15:54 of 1st period - Snap shot by Mark Kastelic.
15:54 of 1st period - Shot Misses the Net.
15:58 of 1st period - Wrist shot by Mark Kastelic.
15:58 of 1st period - Shot Misses the Net.
16:00 of 1st period - Wrist shot by Mark Kastelic.
16:00 of 1st period - Shot Misses the Net.
16:02 of 1st period - Snap shot by Mark Kastelic.
16:02 of 1st period - Stopped by Akira Schmid without a rebound.
16:03 of 1st period - Frederick Gaudreau wins face-off versus Blake Lizotte in Long Beach Ice Dogs zone.
16:24 of 1st period - Penalty to William Lagesson is over, William Lagesson is back on ice.
16:35 of 1st period - Minor Penalty to Noah Philp for Cross-checking.
16:36 of 1st period - Frederick Gaudreau wins face-off versus Arshdeep Bains in Long Beach Ice Dogs zone.
16:39 of 1st period - Wrist shot by Max Pacioretty.
16:39 of 1st period - Deflect By Frederick Gaudreau.
16:39 of 1st period - Stopped by Akira Schmid with a rebound.
18:09 of 1st period - Yan Kuznetsov is hit by Samuel Houde and loses puck.
18:16 of 1st period - Snap shot by Samuel Fagemo.
18:16 of 1st period - Shot Misses the Net.
18:35 of 1st period - Penalty to Noah Philp is over, Noah Philp is back on ice.
18:43 of 1st period - Off-side.
18:44 of 1st period - Jack Finley wins face-off versus Samuel Houde in neutral zone.
18:51 of 1st period - Snap shot by Matej Blumel.
18:51 of 1st period - Stopped by Alex Nedeljkovic with a rebound.
19:07 of 1st period - Lias Andersson is hit by Zack Ostapchuk and loses puck.
Goals for this period are 1 for Santa Cruz Tiger Sharks vs 0 for Long Beach Ice Dogs.
Shots for this period are 14 for Santa Cruz Tiger Sharks vs 14 for Long Beach Ice Dogs.
2nd period
0:01 of 2nd period - Frederick Gaudreau wins face-off versus Blake Lizotte in neutral zone.
0:06 of 2nd period - Icing by Blake Lizotte.
0:07 of 2nd period - Frederick Gaudreau wins face-off versus Blake Lizotte in Long Beach Ice Dogs zone.
0:32 of 2nd period - Snap shot by Arshdeep Bains.
0:32 of 2nd period - Deflect By Santeri Hatakka.
0:32 of 2nd period - Stopped by Alex Nedeljkovic with a rebound.
2:22 of 2nd period - Antti Tuomisto is hit by Keaton Middleton and loses puck.
2:59 of 2nd period - Minor Penalty to Lias Andersson for Cross-checking.
3:00 of 2nd period - Arshdeep Bains wins face-off versus Frederick Gaudreau in Long Beach Ice Dogs zone.
4:59 of 2nd period - Penalty to Lias Andersson is over, Lias Andersson is back on ice.
5:16 of 2nd period - Wrist shot by Samuel Fagemo.
5:16 of 2nd period - Stopped by Akira Schmid without a rebound.
5:17 of 2nd period - Zack Ostapchuk wins face-off versus Lias Andersson in Long Beach Ice Dogs zone.
5:18 of 2nd period - Wrist shot by Jack Studnicka.
5:18 of 2nd period - Shot Misses the Net.
6:10 of 2nd period - Icing by Frederick Gaudreau.
6:11 of 2nd period - Blake Lizotte wins face-off versus Frederick Gaudreau in Santa Cruz Tiger Sharks zone.
6:12 of 2nd period - Slapshot by Trey Fix-Wolansky.
6:12 of 2nd period - Shot Misses the Net.
7:15 of 2nd period - Nils Lundkvist is hit by Blake Lizotte and loses puck.
7:41 of 2nd period - Wrist shot by Sonny Milano.
7:41 of 2nd period - Stopped by Akira Schmid with a rebound.
8:12 of 2nd period - David Gustafsson is hit by Arber Xhekaj and loses puck.
8:42 of 2nd period - Minor Penalty to Riley Tufte for Goalie Interference.
8:43 of 2nd period - Blake Lizotte wins face-off versus Sonny Milano in Santa Cruz Tiger Sharks zone.
8:44 of 2nd period - Snap shot by Jimmy Vesey.
8:44 of 2nd period - Shot Misses the Net.
8:46 of 2nd period - Wrist shot by Jimmy Vesey.
8:46 of 2nd period - Goal by Jimmy Vesey - Santa Cruz Tiger Sharks : 1 - Long Beach Ice Dogs : 1.
8:47 of 2nd period - Lias Andersson wins face-off versus Mark Kastelic in neutral zone.
8:58 of 2nd period - Snap shot by Arshdeep Bains.
8:58 of 2nd period - Shot Blocked by Adam Wilsby.
9:11 of 2nd period - Tyler Tullio is hit by Tomas Tatar and loses puck.
9:16 of 2nd period - Snap shot by Tomas Tatar.
9:16 of 2nd period - Stopped by Akira Schmid with a rebound.
9:54 of 2nd period - Slapshot by Tomas Tatar.
9:54 of 2nd period - Shot Misses the Net.
9:56 of 2nd period - Slapshot by Drew Helleson.
9:56 of 2nd period - Shot Blocked by Arshdeep Bains.
9:58 of 2nd period - Slapshot by Drew Helleson.
9:58 of 2nd period - Shot Blocked by Yan Kuznetsov.
10:00 of 2nd period - Snap shot by Adam Wilsby.
10:00 of 2nd period - Shot Blocked by William Lagesson.
10:02 of 2nd period - Snap shot by Tomas Tatar.
10:02 of 2nd period - Stopped by Akira Schmid with a rebound.
10:04 of 2nd period - Snap shot by Nicolas Aube-Kubel.
10:04 of 2nd period - Shot Blocked by William Lagesson.
10:06 of 2nd period - Backhand shot by Tomas Tatar.
10:06 of 2nd period - Stopped by Akira Schmid without a rebound.
10:07 of 2nd period - Frederick Gaudreau wins face-off versus Blake Lizotte in Long Beach Ice Dogs zone.
10:10 of 2nd period - Snap shot by Max Pacioretty.
10:10 of 2nd period - Deflect By Sonny Milano.
10:10 of 2nd period - Stopped by Akira Schmid without a rebound.
10:11 of 2nd period - Frederick Gaudreau wins face-off versus Blake Lizotte in Long Beach Ice Dogs zone.
10:22 of 2nd period - Slapshot by Jimmy Vesey.
10:22 of 2nd period - Shot Blocked by Santeri Hatakka.
10:42 of 2nd period - Wrist shot by Jack Studnicka.
10:42 of 2nd period - Stopped by Akira Schmid without a rebound.
10:43 of 2nd period - Zack Ostapchuk wins face-off versus Jack Finley in Long Beach Ice Dogs zone.
10:58 of 2nd period - Snap shot by Samuel Poulin.
10:58 of 2nd period - Stopped by Alex Nedeljkovic without a rebound.
10:59 of 2nd period - Blake Lizotte wins face-off versus Frederick Gaudreau in Santa Cruz Tiger Sharks zone.
11:02 of 2nd period - Snap shot by Blake Lizotte.
11:02 of 2nd period - Stopped by Alex Nedeljkovic with a rebound.
11:04 of 2nd period - Wrist shot by Trey Fix-Wolansky.
11:04 of 2nd period - Shot Misses the Net.
11:06 of 2nd period - Slapshot by Arber Xhekaj.
11:06 of 2nd period - Shot Blocked by Max Pacioretty.
11:08 of 2nd period - Wrist shot by Jimmy Vesey.
11:08 of 2nd period - Shot Hit the Post.
11:26 of 2nd period - David Gustafsson is hit by Matej Blumel and loses puck.
11:33 of 2nd period - Slapshot by Matej Blumel.
11:33 of 2nd period - Shot Misses the Net.
11:35 of 2nd period - Wrist shot by Matej Blumel.
11:35 of 2nd period - Shot Misses the Net.
11:37 of 2nd period - Slapshot by Matej Blumel.
11:37 of 2nd period - Stopped by Alex Nedeljkovic with a rebound.
11:39 of 2nd period - Slapshot by Matej Blumel.
11:39 of 2nd period - Goal by Matej Blumel - Santa Cruz Tiger Sharks : 1 - Long Beach Ice Dogs : 2.
11:40 of 2nd period - Blake Lizotte wins face-off versus Frederick Gaudreau in neutral zone.
11:46 of 2nd period - Off-side.
11:47 of 2nd period - Blake Lizotte wins face-off versus Frederick Gaudreau in neutral zone.
12:21 of 2nd period - Snap shot by Tomas Tatar.
12:21 of 2nd period - Stopped by Akira Schmid with a rebound.
12:43 of 2nd period - Slapshot by Lias Andersson.
12:43 of 2nd period - Deflect By Samuel Fagemo.
12:43 of 2nd period - Shot Misses the Net.
12:43 of 2nd period - Puck is out of play.
12:44 of 2nd period - Samuel Houde wins face-off versus Blake Lizotte in Santa Cruz Tiger Sharks zone.
12:49 of 2nd period - Arber Xhekaj is hit by Samuel Fagemo and loses puck.
13:14 of 2nd period - Slapshot by Samuel Houde.
13:14 of 2nd period - Deflect By Trey Fix-Wolansky.
13:14 of 2nd period - Stopped by Akira Schmid with a rebound.
13:16 of 2nd period - Slapshot by Samuel Houde.
13:16 of 2nd period - Stopped by Akira Schmid with a rebound.
13:18 of 2nd period - Slapshot by Adam Wilsby.
13:18 of 2nd period - Shot Misses the Net.
13:20 of 2nd period - Backhand shot by David Gustafsson.
13:20 of 2nd period - Deflect By Samuel Houde.
13:20 of 2nd period - Deflect By Jimmy Vesey.
13:20 of 2nd period - Shot Misses the Net.
13:20 of 2nd period - Puck is out of play.
13:21 of 2nd period - Frederick Gaudreau wins face-off versus Lias Andersson in Long Beach Ice Dogs zone.
13:22 of 2nd period - Slapshot by Sonny Milano.
13:22 of 2nd period - Shot Blocked by Yan Kuznetsov.
13:46 of 2nd period - William Lagesson is hit by Mark Kastelic and loses puck.
14:55 of 2nd period - William Lagesson is hit by Riley Tufte and loses puck.
15:23 of 2nd period - Antti Tuomisto is hit by Drew Helleson and loses puck.
16:30 of 2nd period - Arber Xhekaj is hit by Samuel Fagemo and loses puck.
16:49 of 2nd period - Minor Penalty to Arber Xhekaj for Holding.
16:50 of 2nd period - Jimmy Vesey wins face-off versus Frederick Gaudreau in Long Beach Ice Dogs zone.
17:15 of 2nd period - Slapshot by Tomas Tatar.
17:15 of 2nd period - Shot Misses the Net.
17:17 of 2nd period - Snap shot by Nicolas Aube-Kubel.
17:17 of 2nd period - Stopped by Akira Schmid without a rebound.
17:18 of 2nd period - Arshdeep Bains wins face-off versus Mark Kastelic in Long Beach Ice Dogs zone.
17:18 of 2nd period - Arshdeep Bains is hit by Mark Kastelic.
17:32 of 2nd period - Snap shot by Nicolas Aube-Kubel.
17:32 of 2nd period - Stopped by Akira Schmid with a rebound.
17:34 of 2nd period - Slapshot by Nils Lundkvist.
17:34 of 2nd period - Shot Misses the Net.
18:49 of 2nd period - Penalty to Arber Xhekaj is over, Arber Xhekaj is back on ice.
18:52 of 2nd period - Wrist shot by Jack Finley.
18:52 of 2nd period - Stopped by Alex Nedeljkovic without a rebound.
18:53 of 2nd period - Jack Finley wins face-off versus Samuel Houde in Santa Cruz Tiger Sharks zone.
19:05 of 2nd period - Snap shot by Matej Blumel.
19:05 of 2nd period - Shot Misses the Net.
19:58 of 2nd period - Off-side.
19:59 of 2nd period - Frederick Gaudreau wins face-off versus Samuel Poulin in neutral zone.
Goals for this period are 0 for Santa Cruz Tiger Sharks vs 2 for Long Beach Ice Dogs.
Shots for this period are 12 for Santa Cruz Tiger Sharks vs 7 for Long Beach Ice Dogs.
3rd period
0:01 of 3rd period - Lias Andersson wins face-off versus Frederick Gaudreau in neutral zone.
0:04 of 3rd period - Backhand shot by Arshdeep Bains.
0:04 of 3rd period - Stopped by Alex Nedeljkovic with a rebound.
0:32 of 3rd period - Tomas Tatar is hit by Blake Lizotte.
1:49 of 3rd period - Nicolas Aube-Kubel is hit by Arber Xhekaj and loses puck.
2:29 of 3rd period - Drew Helleson is hit by Trey Fix-Wolansky and loses puck.
2:44 of 3rd period - Slapshot by Alex Goligoski.
2:44 of 3rd period - Deflect By Riley Tufte.
2:44 of 3rd period - Stopped by Alex Nedeljkovic without a rebound.
2:45 of 3rd period - Max Pacioretty wins face-off versus Jack Finley in Santa Cruz Tiger Sharks zone.
2:50 of 3rd period - Yan Kuznetsov is hit by Frederick Gaudreau and loses puck.
3:29 of 3rd period - Slapshot by Lias Andersson.
3:29 of 3rd period - Shot Misses the Net.
3:31 of 3rd period - Slapshot by William Lagesson.
3:31 of 3rd period - Stopped by Alex Nedeljkovic with a rebound.
3:33 of 3rd period - Snap shot by Jimmy Vesey.
3:33 of 3rd period - Shot Misses the Net.
3:35 of 3rd period - Wrist shot by Jimmy Vesey.
3:35 of 3rd period - Shot Misses the Net.
3:37 of 3rd period - Snap shot by Yan Kuznetsov.
3:37 of 3rd period - Shot Misses the Net.
3:39 of 3rd period - Slapshot by Yan Kuznetsov.
3:39 of 3rd period - Stopped by Alex Nedeljkovic with a rebound.
3:51 of 3rd period - Alex Goligoski is hit by Nils Lundkvist and loses puck.
4:01 of 3rd period - Snap shot by Max Pacioretty.
4:01 of 3rd period - Stopped by Akira Schmid without a rebound.
4:02 of 3rd period - Lias Andersson wins face-off versus Mark Kastelic in Long Beach Ice Dogs zone.
4:13 of 3rd period - Wrist shot by Arshdeep Bains.
4:13 of 3rd period - Stopped by Alex Nedeljkovic with a rebound.
4:28 of 3rd period - Sonny Milano is hit by Blake Lizotte and loses puck.
4:33 of 3rd period - Wrist shot by Jimmy Vesey.
4:33 of 3rd period - Shot Misses the Net.
4:35 of 3rd period - Slapshot by Trey Fix-Wolansky.
4:35 of 3rd period - Stopped by Alex Nedeljkovic with a rebound.
4:37 of 3rd period - Snap shot by Jimmy Vesey.
4:37 of 3rd period - Shot Misses the Net.
4:39 of 3rd period - Slapshot by Jimmy Vesey.
4:39 of 3rd period - Stopped by Alex Nedeljkovic without a rebound.
4:40 of 3rd period - Jack Finley wins face-off versus Mark Kastelic in Santa Cruz Tiger Sharks zone.
4:41 of 3rd period - Snap shot by Samuel Poulin.
4:41 of 3rd period - Stopped by Alex Nedeljkovic with a rebound.
4:50 of 3rd period - Off-side.
4:51 of 3rd period - Frederick Gaudreau wins face-off versus Trey Fix-Wolansky in neutral zone.
4:58 of 3rd period - Wrist shot by Max Pacioretty.
4:58 of 3rd period - Stopped by Akira Schmid without a rebound.
4:59 of 3rd period - Blake Lizotte wins face-off versus Frederick Gaudreau in Long Beach Ice Dogs zone.
5:10 of 3rd period - Sonny Milano is hit by Trey Fix-Wolansky and loses puck.
5:23 of 3rd period - Snap shot by Blake Lizotte.
5:23 of 3rd period - Deflect By Trey Fix-Wolansky.
5:23 of 3rd period - Stopped by Alex Nedeljkovic with a rebound.
5:25 of 3rd period - Slapshot by Alex Goligoski.
5:25 of 3rd period - Stopped by Alex Nedeljkovic with a rebound.
5:27 of 3rd period - Slapshot by Alex Goligoski.
5:27 of 3rd period - Shot Misses the Net.
5:29 of 3rd period - Snap shot by Trey Fix-Wolansky.
5:29 of 3rd period - Stopped by Alex Nedeljkovic with a rebound.
5:31 of 3rd period - Snap shot by Trey Fix-Wolansky.
5:31 of 3rd period - Shot Misses the Net.
5:33 of 3rd period - Snap shot by Blake Lizotte.
5:33 of 3rd period - Stopped by Alex Nedeljkovic with a rebound.
5:35 of 3rd period - Snap shot by Arber Xhekaj.
5:35 of 3rd period - Stopped by Alex Nedeljkovic without a rebound.
5:36 of 3rd period - Mark Kastelic wins face-off versus Lias Andersson in Santa Cruz Tiger Sharks zone.
5:36 of 3rd period - Mark Kastelic is hit by William Lagesson.
6:23 of 3rd period - Snap shot by Samuel Poulin.
6:23 of 3rd period - Stopped by Alex Nedeljkovic without a rebound.
6:24 of 3rd period - Zack Ostapchuk wins face-off versus Samuel Poulin in Santa Cruz Tiger Sharks zone.
6:47 of 3rd period - Tyler Tullio is hit by Frederick Gaudreau and loses puck.
6:56 of 3rd period - Wrist shot by Max Pacioretty.
6:56 of 3rd period - Shot Misses the Net.
6:58 of 3rd period - Snap shot by Frederick Gaudreau.
6:58 of 3rd period - Stopped by Akira Schmid with a rebound.
7:10 of 3rd period - Mark Kastelic is hit by Blake Lizotte.
7:14 of 3rd period - Snap shot by Blake Lizotte.
7:14 of 3rd period - Stopped by Alex Nedeljkovic without a rebound.
7:15 of 3rd period - Mark Kastelic wins face-off versus Blake Lizotte in Santa Cruz Tiger Sharks zone.
7:20 of 3rd period - Keaton Middleton is hit by Trey Fix-Wolansky and loses puck.
7:31 of 3rd period - Snap shot by Trey Fix-Wolansky.
7:31 of 3rd period - Stopped by Alex Nedeljkovic with a rebound.
7:33 of 3rd period - Snap shot by Blake Lizotte.
7:33 of 3rd period - Deflect By Trey Fix-Wolansky.
7:33 of 3rd period - Stopped by Alex Nedeljkovic with a rebound.
7:41 of 3rd period - Wrist shot by Blake Lizotte.
7:41 of 3rd period - Shot Blocked by Mark Kastelic.
7:43 of 3rd period - Wrist shot by Jimmy Vesey.
7:43 of 3rd period - Shot Misses the Net.
7:45 of 3rd period - Wrist shot by Antti Tuomisto.
7:45 of 3rd period - Deflect By Trey Fix-Wolansky.
7:45 of 3rd period - Stopped by Alex Nedeljkovic without a rebound.
7:46 of 3rd period - Frederick Gaudreau wins face-off versus Samuel Poulin in Santa Cruz Tiger Sharks zone.
7:46 of 3rd period - Frederick Gaudreau is hit by Jack Finley.
8:00 of 3rd period - Minor Penalty to Leo Loof for Delaying the game.
8:01 of 3rd period - Frederick Gaudreau wins face-off versus Jimmy Vesey in Long Beach Ice Dogs zone.
8:01 of 3rd period - Snap shot by Max Pacioretty.
8:01 of 3rd period - Shot Misses the Net.
9:34 of 3rd period - Nicolas Aube-Kubel is hit by Blake Lizotte and loses puck.
9:51 of 3rd period - William Lagesson is hit by Sean Day and loses puck.
10:00 of 3rd period - Penalty to Leo Loof is over, Leo Loof is back on ice.
10:17 of 3rd period - Wrist shot by David Gustafsson.
10:17 of 3rd period - Stopped by Akira Schmid without a rebound.
10:18 of 3rd period - Jack Finley wins face-off versus Zack Ostapchuk in Long Beach Ice Dogs zone.
10:18 of 3rd period - Jack Finley is hit by Riley Tufte.
10:24 of 3rd period - Antti Tuomisto is hit by Zack Ostapchuk and loses puck.
11:25 of 3rd period - Snap shot by Nicolas Aube-Kubel.
11:25 of 3rd period - Shot Misses the Net.
11:27 of 3rd period - Snap shot by Keaton Middleton.
11:27 of 3rd period - Deflect By Arber Xhekaj.
11:27 of 3rd period - Stopped by Akira Schmid without a rebound.
11:28 of 3rd period - Zack Ostapchuk wins face-off versus Samuel Poulin in Long Beach Ice Dogs zone.
11:31 of 3rd period - Snap shot by Jack Studnicka.
11:31 of 3rd period - Stopped by Akira Schmid with a rebound.
11:33 of 3rd period - Snap shot by Santeri Hatakka.
11:33 of 3rd period - Stopped by Akira Schmid without a rebound.
11:34 of 3rd period - Lias Andersson wins face-off versus Frederick Gaudreau in Long Beach Ice Dogs zone.
11:55 of 3rd period - Max Pacioretty is hit by Yan Kuznetsov and loses puck.
12:06 of 3rd period - Max Pacioretty is hit by Arshdeep Bains.
12:50 of 3rd period - Wrist shot by Sonny Milano.
12:50 of 3rd period - Stopped by Akira Schmid without a rebound.
12:51 of 3rd period - Jack Finley wins face-off versus Mark Kastelic in Long Beach Ice Dogs zone.
13:00 of 3rd period - Slapshot by Alex Goligoski.
13:00 of 3rd period - Shot Blocked by Tomas Tatar.
13:10 of 3rd period - Arber Xhekaj is hit by Nicolas Aube-Kubel and loses puck.
13:47 of 3rd period - Slapshot by Matej Blumel.
13:47 of 3rd period - Shot Misses the Net.
13:49 of 3rd period - Snap shot by Samuel Poulin.
13:49 of 3rd period - Shot Misses the Net.
13:51 of 3rd period - Snap shot by Jack Finley.
13:51 of 3rd period - Goal by Jack Finley - Santa Cruz Tiger Sharks : 1 - Long Beach Ice Dogs : 3.
13:52 of 3rd period - Blake Lizotte wins face-off versus Samuel Houde in neutral zone.
13:55 of 3rd period - David Gustafsson is hit by Trey Fix-Wolansky.
14:25 of 3rd period - Wrist shot by Jack Studnicka.
14:25 of 3rd period - Goal by Jack Studnicka - Santa Cruz Tiger Sharks : 2 - Long Beach Ice Dogs : 3.
14:26 of 3rd period - Mark Kastelic wins face-off versus Blake Lizotte in neutral zone.
14:55 of 3rd period - Snap shot by Noah Philp.
14:55 of 3rd period - Goal by Noah Philp - Santa Cruz Tiger Sharks : 2 - Long Beach Ice Dogs : 4.
14:56 of 3rd period - Blake Lizotte wins face-off versus Max Pacioretty in neutral zone.
15:46 of 3rd period - Wrist shot by Trey Fix-Wolansky.
15:46 of 3rd period - Stopped by Alex Nedeljkovic with a rebound.
15:50 of 3rd period - Wrist shot by Jimmy Vesey.
15:50 of 3rd period - Stopped by Alex Nedeljkovic with a rebound.
16:04 of 3rd period - Wrist shot by Jimmy Vesey.
16:04 of 3rd period - Shot Blocked by Adam Wilsby.
16:06 of 3rd period - Backhand shot by Blake Lizotte.
16:06 of 3rd period - Shot Blocked by Adam Wilsby.
16:08 of 3rd period - Snap shot by Trey Fix-Wolansky.
16:08 of 3rd period - Goal by Trey Fix-Wolansky - Santa Cruz Tiger Sharks : 2 - Long Beach Ice Dogs : 5.
16:09 of 3rd period - Mark Kastelic wins face-off versus Lias Andersson in neutral zone.
16:20 of 3rd period - Snap shot by Mark Kastelic.
16:20 of 3rd period - Shot Misses the Net.
17:10 of 3rd period - Arshdeep Bains is hit by Keaton Middleton and loses puck.
17:19 of 3rd period - Slapshot by Riley Tufte.
17:19 of 3rd period - Shot Misses the Net.
17:21 of 3rd period - Slapshot by Nils Lundkvist.
17:21 of 3rd period - Deflect By Arshdeep Bains.
17:21 of 3rd period - Stopped by Akira Schmid without a rebound.
17:22 of 3rd period - Blake Lizotte wins face-off versus Mark Kastelic in Long Beach Ice Dogs zone.
17:22 of 3rd period - Blake Lizotte is hit by Tomas Tatar.
18:02 of 3rd period - Minor Penalty to Max Pacioretty for Cross-checking.
18:03 of 3rd period - Frederick Gaudreau wins face-off versus Lias Andersson in Santa Cruz Tiger Sharks zone.
18:14 of 3rd period - Slapshot by Yan Kuznetsov.
18:14 of 3rd period - Shot Misses the Net.
18:16 of 3rd period - Slapshot by William Lagesson.
18:16 of 3rd period - Stopped by Alex Nedeljkovic with a rebound.
18:18 of 3rd period - Wrist shot by Tyler Tullio.
18:18 of 3rd period - Stopped by Alex Nedeljkovic without a rebound.
18:19 of 3rd period - Tomas Tatar wins face-off versus Blake Lizotte in Santa Cruz Tiger Sharks zone.
18:59 of 3rd period - Snap shot by Frederick Gaudreau.
18:59 of 3rd period - Stopped by Akira Schmid with a rebound.
19:01 of 3rd period - Slapshot by Nils Lundkvist.
19:01 of 3rd period - Shot Blocked by Jimmy Vesey.
19:05 of 3rd period - Wrist shot by Tomas Tatar.
19:05 of 3rd period - Stopped by Akira Schmid with a rebound.
Goals for this period are 1 for Santa Cruz Tiger Sharks vs 3 for Long Beach Ice Dogs.
Shots for this period are 12 for Santa Cruz Tiger Sharks vs 25 for Long Beach Ice Dogs.
Back to the Top